 Dungeon Crawl Stone Soup version 0.26.0-11-g8f856b5395 (webtiles) character file.

Game seed: 17060170638931436470

24 SturgillTurtle the Stinger (level 2, -1/20 HPs)
             Began as a Minotaur Venom Mage on Jan 15, 2021.
             Slain by a worm (6 damage)
             ... on level 2 of the Dungeon.
             The game lasted 00:04:42 (1427 turns).

SturgillTurtle the Stinger (Minotaur Venom Mage)    Turns: 1427, Time: 00:04:43

Health: -1/20      AC:  2    Str: 12    XL:     2   Next: 79%
Magic:  1/3        EV: 12    Int: 12    God:
Gold:   59         SH:  0    Dex: 10    Spells: 3/4 levels left

rFire    . . .     SeeInvis .   b - +0 club
rCold    . . .     Faith    .   (no shield)
rNeg     . . .     Spirit   .   a - +0 robe
rPois    .         Reflect  .   (helmet restricted)
rElec    .         Harm     .   (no cloak)
rCorr    .         Rampage  .   (no gloves)
Will     .....                  (no boots)
Stlth    ++........             (no amulet)
HPRegen  0.06/turn              (no ring)
MPRegen  0.08/turn              (no ring)

@: no status effects
A: retaliatory headbutt, horns 2
a: no special abilities


You were on level 2 of the Dungeon.
You visited 1 branch of the dungeon, and saw 2 of its levels.

You collected 59 gold pieces.

Inventory:

Hand Weapons
 b - a +0 club (weapon)
Missiles
 c - 14 stones
Armour
 a - a +0 robe (worn)
Jewellery
 l - an uncursed ring of stealth {unknown}
Scrolls
 d - a scroll of immolation {unknown}
 f - a scroll of identify {unknown}
 h - 3 scrolls of remove curse {unknown}
 i - 2 scrolls of amnesia {unknown}
 m - a scroll of magic mapping {unknown}
Potions
 e - a potion of mutation {unknown}
 g - 2 potions of curing {unknown}
 j - a potion of heal wounds {unknown}
 k - a potion of attraction {unknown}


   Skills:
 + Level 1.8 Maces & Flails
 - Level 2.1 Dodging
 - Level 1.5 Stealth
 + Level 1.6 Spellcasting
 + Level 0.7 Transmutations
 + Level 2.5 Poison Magic


You had 3 spell levels left.
You knew the following spells:

 Your Spells              Type           Power        Failure   Level
a - Sting                 Tmut/Pois      16%          14%         1

Your spell library contained the following spells:

 Spells                   Type           Power        Failure   Level
 Poisonous Vapours        Pois/Air       8%           26%         2
 Ignite Poison            Fire/Tmut/Pois 3%           47%         3
 Mephitic Cloud           Conj/Pois/Air  3%           52%         3
 Olgreb's Toxic Radiance  Pois           7%           69%         4


Dungeon Overview and Level Annotations

Branches:
Dungeon (2/15)

Altars:


Innate Abilities, Weirdness & Mutations

You reflexively headbutt those who attack you in melee.
You have a pair of horns on your head.


Message History

The worm is moderately wounded.
The worm bites you!
You hit the worm.
The worm is moderately wounded.
The worm bites you but does no damage.
You hit the worm.
The worm is heavily wounded.
The worm bites you.
* * * LOW HITPOINT WARNING * * *
You are too injured to fight recklessly!
You are too injured to fight recklessly!
You are too injured to fight recklessly!
You are too injured to fight recklessly!
You are too injured to fight recklessly!
You hit the worm.
The worm is severely wounded.
You barely miss the worm.
The worm is severely wounded.
The worm bites you.
You die...

#######
#.....#
#.....#
#.....#
#.....#
#.....#
#.....#
####.@...#
#....w...#
#.##.....###
#..........#
####.#####.#
#.#...#.#
#.#.#.#.#
#.#.#.#.#
#.#.#<#.#


You could see a worm.

Vanquished Creatures
  4 bats (D:1)
  2 giant cockroaches (D:1)
  3 goblins (D:1)
  A hobgoblin (D:1)
  3 jackals (D:1)
  2 frilled lizards (D:1)
  2 kobolds (D:1)
  4 rats (D:1)
21 creatures vanquished.

Notes
Turn   | Place    | Note
-------+----------+-------------------------------------------
     0 | D:1      | SturgillTurtle the Minotaur Venom Mage began the quest for
                  | the Orb.
     0 | D:1      | Reached XP level 1. HP: 14/14 MP: 1/1
   102 | D:1      | Reached skill level 1 in Maces & Flails
   307 | D:1      | Reached XP level 2. HP: 9/20 MP: 3/3
  1427 | D:2      | Slain by a worm

Illustrated notes

Levels and vault maps discovered:
D:1:      dpeg_arrival_renting, layout_basic
D:2:      layout_basic, minmay_tromino_i4, uniq_natasha, uniq_jessica

Skill      XL: |  1 |
---------------+----+-----
Maces & Flails | 1 |  1.8
Dodging        | |  2.1
Stealth        | |  1.5
Spellcasting   | |  1.6
Transmutations | |  0.7
Poison Magic   | |  2.5

Action                   || total
-------------------------++-------
Melee: Club              ||    43
       Headbutt          ||     5
 Cast: Sting             ||    14
Armor: Robe              ||     7
Dodge: Dodged            ||    30
